 Dungeon Crawl Stone Soup version 0.24.0-7-gb3623d2c88 (webtiles) character file.

Game seed: 2652637937379801545, levelgen mode: deterministic

304928 Monsterracer the Champion of Chaos (level 19, -17/187 HPs)
             Began as a Deep Dwarf Fighter on Nov 2, 2019.
             Was the Champion of Makhleb.
             Killed from afar by a purple draconian monk (25 damage)
             ... with a bolt of dispelling energy
             ... on level 2 of the Realm of Zot.
             The game lasted 00:29:55 (22021 turns).

Monsterracer the Champion of Chaos (DDFi)          Turns: 22021, Time: 00:29:56

Health: -17/187    AC: 32    Str: 27      XL:     19   Next: 87%
Magic:  0/0        EV: 12    Int: 15 (16) God:    Makhleb [******]
Gold:   1435       SH: 15    Dex: 14      Spells: 18/18 levels left

rFire    + + .     SeeInvis .   a - +5 broad axe (chop)
rCold    . . .     Gourm    .   T - +0 shield of Fortitude {MR+}
rNeg     + + +     Faith    .   y - +8 chain mail of the Stallion {rN+ Dex+2}
rPois    .         Spirit   .   l - +1 helmet
rElec    +         Reflect  .   G - scarf {rC+ rF+}
rCorr    +         Harm     .   n - +1 pair of gloves
MR       ++++.     Rnd*Tele +   p - +0 pair of boots
Stlth    ..........             u - macabre finger necklace {rN+}
HPRegen  0.00/turn              U - ring "Mekutz" {MR+ AC+3 Int+4}
MPRegen  0.07/turn              V - ring of resist corrosion
                                R - ring of fire

@: non-regenerating, hasted and slowed
A: damage resistance, heal wounds, blink, deterioration 1, negative energy
resistance 1, sense surroundings 3, electricity resistance, strong 1,
teleportitis 1, no potion heal 2, no regeneration
}: 3/15 runes: barnacled, slimy, gossamer
a: Heal Wounds, Blink, Minor Destruction, Lesser Servant of Makhleb, Major
Destruction, Greater Servant of Makhleb, Renounce Religion


You were on level 2 of the Realm of Zot.
You worshipped Makhleb.
Makhleb was exalted by your worship.
You were not hungry.

You visited 9 branches of the dungeon, and saw 44 of its levels.
You also visited: Ossuary and Ice Cave.

You collected 3091 gold pieces.
You spent 1656 gold pieces at shops.

Inventory:

Hand Weapons
 a - a +5 broad axe of chopping (weapon)
   (You found it on level 5 of the Pits of Slime)
Missiles
 b - 2 throwing nets (quivered) {!f}
Armour
 l - a +1 helmet (worn)
   (You found it on level 1 of the Dungeon)
 n - a +1 pair of gloves (worn)
   (You found it on level 2 of the Dungeon)
 p - a +0 pair of boots (worn)
   (You found it on level 10 of the Dungeon)
 y - the +8 chain mail of the Stallion (worn) {rN+ Dex+2}
   (You found it on level 6 of the Dungeon)

   It affects your dexterity (+2).
   It protects you from negative energy.
 G - a scarf of resistance (worn)
   (You found it on level 7 of the Dungeon)
 T - the +0 shield of Fortitude (worn) {MR+}
   (You bought it in a shop on level 2 of the Orcish Mines)

   It affects your resistance to hostile enchantments.
Jewellery
 u - the macabre finger necklace (around neck) {rN+}
   (You found it on level 5 of the Pits of Slime)

   [amulet of nothing]

   It protects you from negative energy.
 B - a +4 ring of evasion
   (You found it on level 7 of the Dungeon)
 R - a ring of fire (on amulet)
   (You found it on level 4 of the Spider Nest)
 U - the ring "Mekutz" (left hand) {MR+ AC+3 Int+4}
   (You bought it in a shop on level 2 of the Orcish Mines)

   [ring of protection]

   It affects your AC (+3).
   It affects your intelligence (+4).
   It affects your resistance to hostile enchantments.
 V - a ring of resist corrosion (right hand)
   (You bought it in a shop on level 2 of the Orcish Mines)
Wands
 w - a wand of scattershot (5)
   (You took it off a gnoll on level 5 of the Dungeon)
 x - a wand of clouds (2)
   (You found it on level 12 of the Dungeon)
 E - a wand of iceblast (29)
   (You found it on level 7 of the Dungeon)
 Y - a wand of digging (2)
   (You found it on level 4 of the Shoals)
Scrolls
 m - 2 scrolls of magic mapping
 r - 11 scrolls of remove curse
 s - 4 scrolls of summoning {!r}
 t - 9 scrolls of teleportation {!r}
 v - 4 scrolls of fog
 D - 5 scrolls of fear {!r}
 S - a scroll of silence
 X - 2 scrolls of blinking
Potions
 d - 4 potions of heal wounds
 e - 13 potions of curing
 g - 4 potions of agility
 h - 5 potions of haste
 i - a potion of flight
 j - 2 potions of might
 k - a potion of ambrosia {!q}
 o - 2 potions of magic
 z - 5 potions of brilliance
 J - 2 potions of lignification
 N - 3 potions of cancellation
 Q - 3 potions of invisibility
Miscellaneous
 A - a sack of spiders
 L - a phantom mirror
 M - a lamp of fire
   (You found it on level 6 of the Lair of Beasts)
 P - a phial of floods
   (You found it on level 6 of the Lair of Beasts)
 W - a box of beasts
Comestibles
 c - 31 rations


   Skills:
 - Level 15.6 Fighting
 - Level 18.0 Axes
 - Level 16.9 Armour
 - Level 5.0 Dodging
 - Level 15.0 Shields
 + Level 21.2 Invocations
 - Level 5.0 Evocations


You had 18 spell levels left.
You didn't know any spells.
Your spell library contained the following spells:

 Spells                   Type           Power        Failure   Level  Hunger
 Animate Skeleton         Necr           N/A          65%         1    ##.....
 Confusing Touch          Hex            #.....       65%         1    ##.....
 Corona                   Hex            #......      65%         1    ##.....
 Magic Dart               Conj           #...         65%         1    ##.....
 Pain                     Necr           #...         65%         1    ##.....
 Summon Small Mammal      Summ           #...         65%         1    ##.....
 Blink                    Tloc           N/A          80%         2    ###....
 Call Imp                 Summ           #.......     80%         2    ###....
 Ensorcelled Hibernation  Hex/Ice        #.....       80%         2    ###....
 Searing Ray              Conj           #.....       80%         2    ###....
 Slow                     Hex            #.......     80%         2    ###....
 Call Canine Familiar     Summ           #.......     95%         3    ####...
 Confuse                  Hex            #.......     95%         3    ####...
 Conjure Flame            Conj/Fire      #.......     95%         3    ####...
 Dazzling Spray           Conj/Hex       #.....       95%         3    ####...
 Gell's Gravitas          Tloc           #.........   95%         3    ####...
 Ignite Poison            Fire/Tmut/Pois #.......     95%         3    ####...
 Inner Flame              Hex/Fire       #.......     95%         3    ####...
 Mephitic Cloud           Conj/Pois/Air  #.......     95%         3    ####...
 Summon Guardian Golem    Hex/Summ       #.......     95%         3    ####...
 Tukima's Dance           Hex            #.......     95%         3    ####...
 Vampiric Draining        Necr           #.........   95%         3    ####...
 Animate Dead             Necr           N/A          100%        4    #####..
 Cause Fear               Hex            #.........   100%        4    #####..
 Force Lance              Conj/Tloc      #.......     100%        4    #####..
 Fulminant Prism          Conj/Hex       #.........   100%        4    #####..
 Iskenderun's Mystic Bla  Conj           #.......     100%        4    #####..
 Petrify                  Tmut/Erth      #.......     100%        4    #####..
 Summon Ice Beast         Ice/Summ       #.......     100%        4    #####..
 Summon Lightning Spire   Summ/Air       #.......     100%        4    #####..
 Metabolic Englaciation   Hex/Ice        #.........   100%        5    ######.
 Silence                  Hex/Air        #.........   100%        5    ######.
 Yara's Violent Unravell  Hex/Tmut       #.........   100%        5    ######.
 Deflect Missiles         Chrm/Air       #.........   100%        6    #######
 Statue Form              Tmut/Erth      #........    100%        6    #######
 Dragon Form              Tmut           #.........   100%        7    #######
 Discord                  Hex            #.........   100%        8    #######
 Regeneration             Chrm/Necr      Unusable     N/A         3    N/A

Dungeon Overview and Level Annotations

Branches:
Dungeon (15/15)            Temple (1/1) D:7            Lair (6/6) D:9
 Shoals (4/4) Lair:4       Spider (4/4) Lair:3        Slime (5/5) Lair:6
    Orc (2/2) D:11            Elf (0/3) Orc:2        Depths (5/5) D:15
    Zot (2/5) Depths:5    Ossuary (visited)           IceCv (visited)
 Vaults: D:13-14

Altars:
Cheibriados
Fedhas
Gozag
Hepliaklqana
Makhleb
Uskayaw
Wu Jian
Zin
The Shining One
Beogh
Jiyva

Shops:
D:9 (   D:10 (   Orc:2 (=[(

Portals:
Hell: Lair:6 Depths:3 Depths:4
Pandemonium: Depths:3
Ziggurat: Depths:5

Annotations:
D:9 2 transporters, wullow's ghost, novice NaWn
Lair:3 2 runed translucent doors, Loywebes's ghost, journeyman MiFi
Lair:6 exclusion: 4 oklob plants
Spider:4 2 transporters, hittemvvvhard's ghost, journeyman OgSu


Innate Abilities, Weirdness & Mutations

You are resistant to damage.
You can heal yourself by infusing magical energy.
You resist negative energy. (rN+)
You passively map a large area around you.
You do not regenerate.
You can translocate small distances at will.
Your body sometimes deteriorates upon taking damage.
You are resistant to electric shocks. (rElec)
Your muscles are strong. (Str +2)
You are occasionally teleported next to monsters.
Potions are poor at restoring your health.


Message History

You are too injured to fight recklessly!
You closely miss the purple draconian monk.
You slash the black draconian scorcher! You slice the death cob!!
You hit the yellow draconian but do no damage.
You hit the red draconian. The death cob misses you.
The purple draconian monk breathes dispelling energy at you.
The bolt of dispelling energy hits you!!
Your magical effects are unravelling.
The black draconian scorcher gestures at you while chanting.
The bolt of magma hits you!! You partially resist.
* * * LOW HITPOINT WARNING * * *
The yellow draconian hits you from afar with a +0 trident.
The death cob hits you!!
* * * LOW HITPOINT WARNING * * *
The death cob drains your vigour!
You feel as though you will be slow longer.
The red draconian breathes flames at you.
The searing blast hits you! You resist.
* * * LOW HITPOINT WARNING * * *
The yellow draconian hits you but does no damage.
Unknown command.
You feel yourself speed up. The death cob completely misses you.
The death cob barely misses you. The purple draconian monk hits you.
You block the purple draconian monk's attack.
The purple draconian monk closely misses you.
You block the black draconian scorcher's attack.
The death cob closely misses you.
The yellow draconian hits you but does no damage.
The red draconian hits you with a +0 mace.
* * * LOW HITPOINT WARNING * * *
You block the yellow draconian's attack.
The purple draconian monk hits you but does no damage.
The purple draconian monk kicks you.
The purple draconian monk tail-slaps you but does no damage.
The death cob hits you but does no damage.
The black draconian scorcher completely misses you.
Unknown command.
Your system partially rejects the healing.
You feel much better. The death cob hits you!
* * * LOW HITPOINT WARNING * * *
The death cob drains your vigour!
You feel as though you will be slow longer.
The yellow draconian hits you but does no damage.
The red draconian hits you but does no damage.
You block the death cob's attack.
The purple draconian monk hits you but does no damage.
The purple draconian monk kicks you but does no damage.
The purple draconian monk tail-slaps you but does no damage.
You block the yellow draconian's attack.
Unknown command.
Unknown command.
Your system partially rejects the healing.
You feel much better. You block the death cob's attack.
The death cob closely misses you. The yellow draconian misses you.
The black draconian scorcher hits you but does no damage.
The red draconian hits you with a +0 mace!
* * * LOW HITPOINT WARNING * * *
You block the purple draconian monk's attack.
The purple draconian monk closely misses you.
The purple draconian monk tail-slaps you but does no damage.
The death cob hits you but does no damage.
The yellow draconian hits you but does no damage.
You closely miss the purple draconian monk.
You slice the black draconian scorcher!!
You hit the death cob but do no damage. You closely miss the yellow draconian.
You hit the red draconian. The death cob hits you.
* * * LOW HITPOINT WARNING * * *
The yellow draconian hits you but does no damage.
The black draconian scorcher points at you and mumbles some strange words.
The bolt of fire hits you! You resist.
* * * LOW HITPOINT WARNING * * *
You block the red draconian's attack. The purple draconian monk misses you.
The purple draconian monk closely misses you.
You block the purple draconian monk's attack.
Unknown command.
Unknown command.
You slice the purple draconian monk!!
The purple draconian monk is moderately wounded.
You hit the black draconian scorcher. You hit the death cob but do no damage.
You hit the yellow draconian. You hit the red draconian.
You block the death cob's attack.
The death cob hits you but does no damage.
The yellow draconian throws acid at you.
The glob of acid hits you but does no damage.
You resist.
You are splashed with acid!
You resist.
* * * LOW HITPOINT WARNING * * *
You block the black draconian scorcher's attack.
The yellow draconian hits you but does no damage.
Unknown command.
Unknown command.
You completely miss the black draconian scorcher.
The black draconian scorcher is almost dead.
Your chain mail of the Stallion prevents you from hitting the purple draconian monk.
You hit the red draconian but do no damage.
You slash the yellow draconian! You hit the death cob but do no damage.
You block the death cob's attack.
The purple draconian monk breathes dispelling energy at you.
The bolt of dispelling energy hits you!!
Your magical effects are unravelling.
You die...

**,,** #(.....## **,.##*
#..†....# ** **...##*
#.......# ,*** *.....####
##...##.# ,,,***
*#.......####...#*## **,,,**
*.....(....##...#
***,,,***............#..##
,,**,,,,,$........#......#
,,,,,,,,,......z@d##.....#
,,,,**,,,#.....qqd###....#*
**,,,**,,.#.....d..###....#
**,,***,..#.......#*#....#*
**,,**,...#.......*##....#* *
**,,**..,........#**..#..*
*****,,,*.,..........**,.#*.*
,,,,,,,,*,............*,.#***
,*,,,,,,,,,,,,,,,**,,,,,,*


You could see a purple draconian monk, 2 draconians, a red draconian, a death
cob and a black draconian scorcher.

Vanquished Creatures
  the Royal Jelly (Slime:5)
  Dissolution (Slime:5)
  Bai Suzhen (Shoals:4)
  A golden dragon (Zot:2)
  A bone dragon (Depths:5)
  A lich (Depths:3)
  Asterion (Depths:3)
  19 acid blobs (Slime:3 Slime:4 Slime:5 Zot:2)
  A quicksilver dragon (Zot:2)
  2 shadow dragons (Depths:5)
  Ilsuiw (Shoals:4)
  A tengu reaver (Depths:4)
  12 azure jellies (Slime:2 Slime:3 Slime:4 Slime:5)
  A draconian knight (Zot:2)
  3 fire giants (Depths:2 Depths:3 Depths:5)
  3 draconian monks (Depths:5 Zot:2)
  7 frost giants (Depths:2 Depths:3 Depths:4)
  A ghost moth (Spider:4)
  A draconian scorcher (Zot:2)
  An emperor scorpion (Spider:4)
  2 draconian shifters (Depths:5 Zot:2)
  12 very ugly things (Depths:3 Depths:5)
  2 spriggan defenders (Depths:3 Depths:5)
  4 stone giants (Depths:2 Depths:3 Depths:4)
  2 green draconians (Depths:5)
  A black draconian (Zot:2)
  2 spark wasps (Spider:4 Spider:3)
  7 yellow draconians (Depths:5 Zot:2)
  A dire elephant (D:15)
  2 red draconians (Depths:5 Zot:2)
  4 death oozes (Slime:2 Slime:3 Slime:5)
  5 merfolk impalers (Shoals:4)
  5 merfolk javelineers (Shoals:4)
  2 ettins (Orc:1 Depths:2)
  2 yaktaur captains (Depths:3 Depths:5)
  A deep elf high priest (Depths:4)
  6 great orbs of eyes (Slime:3 Slime:5 Depths:3 Depths:5)
  4 hydras (Lair:5 Lair:6)
  An ice dragon (Depths:3)
  A rakshasa (Depths:2)
  A catoblepas (Lair:6)
  2 spriggan air magi (Depths:5)
  An ogre mage (D:15)
  A merfolk avatar (Shoals:4)
  A merfolk aquamancer (Shoals:4)
  3 centaur warriors (D:15 Depths:4)
  7 two-headed ogres (D:15)
  The ghost of EmberCloud the Carver, a novice MiFi of Okawaru (Lair:1)
  A satyr (Shoals:4)
  5 deep troll shamans (Depths:2 Depths:4 Depths:5)
  8 deep troll earth magi (Depths:2 Depths:4 Depths:5)
  A death yak (Lair:6)
  3 orc high priests (Orc:2)
  8 spriggan berserkers (Depths:3 Depths:4 Depths:5)
  A sun demon (Lair:6)
  Sonja (Lair:4)
  4 iron trolls (Depths:4)
  An unseen horror (D:15)
  8 sea snakes (Shoals:2 Shoals:4)
  12 deep trolls (Depths:2 Depths:4 Depths:5)
  A salamander mystic (Depths:4)
  A glowing orange brain (Slime:4)
  A wizard (Lair:6)
  6 orc knights (Orc:2 D:15)
  4 orb spiders (Spider:4 Spider:1)
  17 harpies (Shoals:2 Shoals:3 Shoals:4)
  4 shining eyes (Slime:3 Slime:5)
  5 fauns (Shoals:4)
  18 ugly things (D:10 D:11 IceCv Depths:3 Depths:5)
  A deep elf mage (D:15)
  9 wolf spiders (Spider:1 Spider:4 D:15)
  3 orc sorcerers (Orc:1 Orc:2)
  10 manticores (Shoals:1 Shoals:2 Shoals:4 D:12 D:15)
  3 cyclopes (D:14 D:15)
  6 salamanders (Depths:4 Depths:5)
  13 elephants (Lair:5 Lair:6)
  5 moths of wrath (Spider:4 Zot:1 Zot:2)
  3 ice statues (IceCv)
  2 orange demons (Lair:6)
  15 spiny frogs (Lair:1 Lair:2 Lair:3 Lair:5 Lair:6)
  4 black mambas (Lair:4 Lair:6)
  2 gargoyles (D:15)
  2 eyes of devastation (Slime:3 Slime:4)
  5 merfolk sirens (Lair:4 Shoals:4)
  A smoke demon (Depths:4)
  A torpor snail (Spider:4)
  5 rime drakes (Lair:1 Lair:5 Lair:6)
  6 yaktaurs (Depths:2 Depths:5)
  5 hellwings (Lair:6 Depths:4)
  6 komodo dragons (D:9 Lair:1 Lair:6)
  A demonic crawler (Spider:4)
  An efreet (D:15)
  2 ice devils (Lair:6)
  4 trolls (Orc:1 D:15)
  A meliai (shapeshifter) (Depths:4)
  2 red devils (Lair:6 Depths:4)
  9 jumping spiders (Lair:3 Spider:1 Spider:4)
  5 merfolk (Shoals:3 Shoals:4)
  A polar bear (Lair:6)
  A wind drake (Shoals:4)
  Grinder (D:3)
  10 hornets (Spider:4 Depths:3 Depths:4 Depths:5)
  10 hippogriffs (Lair:1 Lair:4 Lair:6 Shoals:2 Shoals:4)
  79 slime creatures (Slime:2 Slime:3 Slime:4 Slime:5 D:15)
  5 blink frogs (Lair:5)
  5 snapping turtles (Shoals:4)
  14 redbacks (Spider:4)
  A dream sheep (Lair:6)
  Sigmund (D:6)
  A vampire (D:15)
  A shadow (D:11)
  9 spriggans (Lair:5 Depths:3 Depths:4 Depths:5)
  4 tarantellas (Spider:1 Spider:4)
  10 water elementals (Shoals:4 Depths:3 Depths:5)
  4 wyverns (Lair:4 D:10 D:11 D:12)
  3 hogs (D:8)
  A human (D:8)
  A hungry ghost (D:7)
  31 yaks (D:8 D:9 Lair:2 Lair:5 Lair:6)
  4 golden eyes (Slime:4)
  3 basilisks (Lair:1 Lair:5 Lair:6)
  3 wargs (Orc:1 Orc:2)
  A soldier ant (D:12)
  4 hell hounds (Lair:6)
  24 water moccasins (Lair:1 Lair:3 Lair:4 Lair:5 Lair:6)
  5 porcupines (Lair:1 Lair:3 Lair:4)
  19 orc warriors (D:7 D:8 D:11 Orc:1 Orc:2)
  A floating eye (Slime:5)
  A swamp drake (Lair:3)
  3 sky beasts (D:5 D:6 D:8)
  16 ice beasts (D:5 D:6 D:12 IceCv)
  A black bear (Lair:3)
  A hornet zombie (D:8)
  16 ogres (D:4 D:5 D:6 D:9 Orc:1)
  3 eyes of draining (Slime:3 Slime:5 Slime:2)
  19 wolves (Lair:2 Lair:5)
  12 centaurs (D:5 D:11 Shoals:4 D:12 D:15)
  5 boggarts (D:15)
  10 crocodiles (Lair:1 Lair:3 Lair:4 Lair:6)
  10 bullfrogs (D:7 Lair:1 Lair:2 Lair:3 D:11)
  2 gnoll sergeants (D:5 D:8)
  5 scorpions (D:4 D:5 D:7 D:13)
  21 killer bees (D:7 D:9 D:10)
  5 electric eels (Lair:3 Lair:4)
  5 wights (D:8 D:13)
  9 crimson imps (D:5 D:8 D:10 Depths:4)
  4 howler monkeys (D:6 D:8 D:10)
  3 quasits (D:7 D:9 D:12)
  4 centaur zombies (D:6 D:8 D:15)
  3 bullfrog zombies (D:5 D:8 D:12)
  5 hounds (D:5 D:6 D:7 D:9 D:12)
  2 human zombies (Ossuary)
  19 orc priests (D:3 D:6 D:7 D:10 D:11)
  3 centaur skeletons (D:5 D:13 D:15)
  33 jellies (D:6 Lair:6 D:12 Zot:2)
  29 orc wizards (D:4 D:6 D:7 D:8 D:9)
  A bullfrog skeleton (D:5)
  5 gnoll shamans (D:5)
  2 iguanas (D:5 D:6)
  Ijyb (D:3)
  8 worker ants (D:4 D:5 D:6 D:7 D:8)
  3 hound zombies (Ossuary)
  A hound skeleton (D:4)
  3 mummies (Ossuary)
  2 worker ant zombies (D:5)
  45 gnolls (D:5 D:6 D:8)
  23 adders (D:2 D:3 D:5 D:6 D:7)
  4 shadow imps (D:3 D:9 D:10 D:15)
  An ooze (D:3)
  An adder skeleton (D:7)
  An adder zombie (D:5)
  3 worms (D:2 D:3 D:5)
  2 dart slugs (D:1 D:2)
  9 leopard geckos (D:2 D:3 D:4 D:6 D:8)
  71 orcs (D:3 D:4 D:6 D:7 D:8)
  3 giant cockroaches (D:2 D:3 D:8)
  5 goblins (D:1 D:2 D:3)
  5 hobgoblins (D:1 D:2 D:3)
  17 jackals (D:5 D:7)
  3 quokkas (D:8 D:10 D:12)
  5 bats (D:1 D:2 D:3)
  6 frilled lizards (D:1 D:4 D:6)
  2 gnoll zombies (Ossuary)
  2 goblin zombies (Ossuary)
  A jackal skeleton (D:4)
  4 jackal zombies (Ossuary)
  6 kobolds (D:1 D:2 D:3)
  8 kobold zombies (Ossuary)
  2 leopard gecko skeletons (D:5 D:7)
  6 orc zombies (Ossuary)
  2 quokka skeletons (D:5 D:6)
  5 quokka zombies (Ossuary)
  2 rats (D:1 D:2)
  A rat zombie (Ossuary)
  3 fungi (Lair:2 Lair:3 Lair:6)
  10 plants (D:9 Lair:5 Lair:6 Shoals:4)
1175 creatures vanquished.

Vanquished Creatures (collateral kills)
  Arachne (Spider:4)
  A tentacled monstrosity (Depths:4)
  A draconian scorcher (Zot:2)
  An emperor scorpion (Spider:4)
  A draconian knight (Depths:5)
  A spriggan defender (Depths:3)
  A very ugly thing (Depths:3)
  A stone giant (Depths:4)
  A vampire knight (Depths:5)
  A red draconian (Zot:2)
  A purple draconian (Depths:5)
  4 yellow draconians (Depths:5 Zot:2)
  A spark wasp (Spider:4)
  A yaktaur captain (Depths:4)
  A fire dragon (Depths:5)
  A deep troll shaman (Depths:4)
  2 iron trolls (Depths:4)
  An orc knight (Orc:2)
  An orc sorcerer (Orc:2)
  9 wolf spiders (Spider:4)
  6 orb spiders (Spider:4)
  An ugly thing (Depths:3)
  A merfolk siren (Shoals:4)
  3 demonic crawlers (Spider:4)
  A jumping spider (Spider:4)
  A hornet (Spider:4)
  5 redbacks (Spider:4)
  3 tarantellas (Spider:4)
  An orc warrior (Orc:2)
54 creatures vanquished.

Vanquished Creatures (others)
  A draconian knight (Zot:2)
  2 satyrs (Shoals:4)
  A wolf spider (Spider:4)
  2 cyclopes (Shoals:4)
  2 orc warriors (D:10 Orc:2)
  An orc wizard (Orc:2)
  A fungus (Lair:6)
  16 plants (D:9 Lair:1 Lair:6 Shoals:4)
26 creatures vanquished.

Grand Total: 1255 creatures vanquished

Notes
Turn   | Place    | Note
-------+----------+-------------------------------------------
     0 | D:1      | Monsterracer the Deep Dwarf Fighter began the quest for the
                  | Orb.
     0 | D:1      | Reached XP level 1. HP: 20/20 MP: 1/1
   114 | D:1      | Reached XP level 2. HP: 22/27 MP: 2/2
   142 | D:1      | You fall into a shaft and drop 1 floor!
   256 | D:2      | HP: 13/27 [poisoned by a hobgoblin]
   258 | D:2      | HP: 5/27 [leopard gecko (2)]
   263 | D:2      | HP: 12/27 [poisoned by a hobgoblin]
   933 | D:2      | Reached XP level 3. HP: 29/33 MP: 2/2
  1463 | D:3      | Noticed Grinder
  1463 | D:3      | Noticed Ijyb
  1466 | D:3      | Paralysed by Grinder for 6 turns
  1467 | D:3      | HP: 12/34 [Grinder/nerve-wracking pain (7)]
  1475 | D:3      | Paralysed by Ijyb for 3 turns
  1481 | D:3      | Killed Ijyb
  1481 | D:3      | Reached XP level 4. HP: 30/42 MP: 3/3
  1481 | D:3      | Paralysed by Grinder for 3 turns
  1490 | D:3      | Paralysed by Grinder for 4 turns
  1496 | D:3      | HP: 20/42 [Grinder (3)]
  1499 | D:3      | Killed Grinder
  1499 | D:3      | Reached XP level 5. HP: 24/49 MP: 3/3
  1499 | D:3      | Reached XP level 6. HP: 27/56 MP: 4/4
  1737 | D:3      | Reached skill level 5 in Axes
  1975 | D:4      | Found a hide-covered altar of Uskayaw.
  2004 | D:4      | HP: 28/57 [ogre/cursed -2 giant club (11)]
  2169 | D:4      | Reached XP level 7. HP: 54/64 MP: 3/3
  2185 | D:4      | HP: 29/64 [ogre/+0 giant spiked club (11)]
  2192 | D:4      | Reached skill level 5 in Armour
  2192 | D:4      | Reached skill level 5 in Shields
  2814 | D:5      | Entered Level 5 of the Dungeon
  2897 | D:5      | Reached XP level 8. HP: 63/73 MP: 4/4
  3089 | D:5      | Reached skill level 5 in Fighting
  3506 | D:5      | HP: 34/74 [gnoll/+0 flail (5)]
  3843 | D:5      | HP: 33/75 [gnoll/+0 spear (5)]
  3902 | D:5      | HP: 37/75 [gnoll shaman/+0 whip (5)]
  3909 | D:5      | Gained mutation: You passively map the area around you.
                  | [Deep Dwarf growth]
  3909 | D:5      | Reached XP level 9. HP: 60/81 MP: 4/4
  4244 | D:6      | Got a brightly glowing chain mail
  4255 | D:6      | Identified the +8 chain mail of the Stallion {rN+ Dex+2}
                  | (You found it on level 6 of the Dungeon)
  4537 | D:6      | Noticed Sigmund
  4555 | D:6      | Reached skill level 1 in Evocations
  4567 | D:6      | Killed Sigmund
  4809 | D:7      | Found a staircase to the Ecumenical Temple.
  4850 | Temple   | Entered the Ecumenical Temple
  4865 | Temple   | Became a worshipper of Makhleb the Destroyer
  5052 | D:7      | Reached skill level 1 in Invocations
  5090 | D:7      | HP: 38/82 [poisoned by an orc wizard]
  5097 | D:7      | Reached skill level 2 in Invocations
  5401 | D:7      | Reached * piety under Makhleb
  5488 | D:7      | Reached XP level 10. HP: 77/92 MP: 5/5
  5674 | D:8      | Reached skill level 10 in Axes
  5707 | D:8      | Reached skill level 3 in Invocations
  5937 | D:8      | Reached ** piety under Makhleb
  5954 | D:8      | Found a sand-covered staircase.
  5977 | Ossuary  | Entered an ossuary
  6273 | D:8      | Found a burning altar of Makhleb.
  6273 | D:8      | Noticed a cacodemon
  6304 | D:8      | Noticed a smoke demon
  6304 | D:8      | Noticed an orange demon
  6343 | D:8      | Reached *** piety under Makhleb
  6406 | D:9      | Reached skill level 4 in Invocations
  6427 | D:9      | Found Kucsutwibbyt's Antique Weapon Shop.
  6500 | D:9      | Reached skill level 5 in Evocations
  6612 | D:9      | Found a staircase to the Lair.
  6645 | Lair:1   | Entered Level 1 of the Lair of Beasts
  6673 | D:9      | Found a transporter.
  6964 | D:9      | Found a transporter.
  6966 | D:9      | Noticed wullow's ghost (novice NaWn)
  7024 | Lair:1   | Reached skill level 5 in Invocations
  7118 | Lair:1   | Noticed a spiny frog
  7126 | Lair:1   | Killed a spiny frog
  7128 | Lair:1   | Reached XP level 11. HP: 100/100 MP: 7/7
  7290 | Lair:1   | Found a runed translucent gate.
  7290 | Lair:1   | Found a runed translucent gate.
  7293 | Lair:1   | Found a runed translucent gate.
  7328 | Lair:1   | Noticed EmberCloud's ghost (novice MiFi)
  7688 | Lair:1   | Killed EmberCloud's ghost
  7688 | Lair:1   | Reached skill level 6 in Invocations
  7830 | Lair:2   | Got an ancient zirconium amulet
  7850 | Lair:2   | Identified the amulet "Mishot" {Harm -Tele *Drain rF+
                  | Dex+4} (You found it on level 2 of the Lair of Beasts)
  8011 | Lair:2   | Reached **** piety under Makhleb
  8531 | Lair:3   | Reached skill level 7 in Invocations
  8603 | Lair:3   | Found a runed translucent door.
  8607 | Lair:3   | Noticed a five-headed hydra
  8687 | Lair:3   | Found a runed translucent door.
  8780 | Lair:3   | Found a hole to the Spider Nest.
  8938 | Lair:3   | Reached XP level 12. HP: 110/110 MP: 10/10
  9070 | Lair:3   | Noticed Loywebes's ghost (journeyman MiFi)
  9428 | Lair:4   | Noticed Sonja
  9430 | Lair:4   | Killed Sonja
  9466 | Lair:4   | Reached ***** piety under Makhleb
  9499 | Lair:4   | Reached skill level 1 in Dodging
  9499 | Lair:4   | Reached skill level 8 in Invocations
  9538 | Lair:4   | Found a staircase to the Shoals.
 10201 | Lair:5   | Reached skill level 10 in Armour
 10201 | Lair:5   | Reached skill level 10 in Shields
 10482 | Lair:5   | Reached skill level 9 in Invocations
 10609 | Lair:5   | Noticed an eight-headed hydra
 10619 | Lair:5   | Killed a two-headed hydra
 10877 | Lair:6   | Entered Level 6 of the Lair of Beasts
 10880 | Lair:6   | Noticed a catoblepas
 10882 | Lair:6   | Noticed a death yak
 10898 | Lair:6   | Killed a death yak
 10903 | Lair:6   | Reached XP level 13. HP: 112/121 MP: 12/12
 11199 | Lair:6   | Found a burning altar of Makhleb.
 11224 | Lair:6   | HP: 55/121 [red devil/+0 trident (9)]
 11234 | Lair:6   | Reached skill level 5 in Dodging
 11249 | Lair:6   | Found a gateway to Hell.
 11326 | Lair:6   | Reached skill level 10 in Invocations
 11367 | Lair:6   | Identified the Tome of Dusty Fire
 11403 | Lair:6   | Reached ****** piety under Makhleb
 11511 | Lair:6   | Found a staircase to the Slime Pits.
 12024 | D:10     | Entered Level 10 of the Dungeon
 12376 | D:10     | Found Sivivu's Antique Weapon Boutique.
 12613 | D:11     | Reached skill level 15 in Axes
 12632 | D:11     | Found a staircase to the Orcish Mines.
 12655 | D:11     | Found a roughly hewn altar of Beogh.
 12670 | Orc:1    | Entered Level 1 of the Orcish Mines
 12708 | Orc:1    | Gained mutation: You resist negative energy. (rN+) [Deep
                  | Dwarf growth]
 12708 | Orc:1    | Reached XP level 14. HP: 129/130 MP: 15/15
 12855 | Orc:2    | Entered Level 2 of the Orcish Mines
 12855 | Orc:2    | Found a staircase to the Elven Halls.
 13026 | Orc:1    | You fall into a shaft and drop 1 floor!
 13529 | Orc:2    | Noticed a balrug
 13532 | Orc:2    | Reached skill level 10 in Fighting
 13532 | Orc:2    | HP: 59/132 [balrug/+2 vampiric demon whip[the player
                  | character] (9)]
 13534 | Orc:2    | HP: 24/132 [balrug/sticky flame[the player character] (11)]
 13860 | Orc:2    | Reached skill level 11 in Invocations
 14066 | Orc:2    | Found Niohojae's Antique Weapon Shoppe.
 14066 | Orc:2    | Found Kirouceede's Antique Weapon Boutique.
 14085 | Orc:2    | Found Roewa's Armour Boutique.
 14085 | Orc:2    | Found Noeveid's Jewellery Shoppe.
 14101 | Orc:2    | Bought a warped battleaxe for 310 gold pieces
 14101 | Orc:2    | Bought a runed battleaxe for 256 gold pieces
 14103 | Orc:2    | Bought the +0 shield of Fortitude {MR+} for 222 gold pieces
 14104 | Orc:2    | Bought the ring "Mekutz" {MR+ AC+3 Int+4} for 588 gold
                  | pieces
 14104 | Orc:2    | Bought an uncursed ring of resist corrosion for 280 gold
                  | pieces
 14110 | Orc:2    | Identified the +10 battleaxe of Ewius {chop, *Corrode
                  | +Blink rC- MR+++} (You bought it in a shop on level 2 of
                  | the Orcish Mines)
 14513 | Spider:1 | Entered Level 1 of the Spider Nest
 15096 | Spider:4 | Entered Level 4 of the Spider Nest
 15120 | Spider:4 | Noticed an emperor scorpion
 15139 | Spider:4 | Killed an emperor scorpion
 15161 | Spider:4 | Noticed Arachne
 15186 | Spider:4 | HP: 61/133 [Arachne/uncursed staff of poison (9)]
 15188 | Spider:4 | Killed Arachne
 15243 | Spider:4 | Reached skill level 12 in Invocations
 15329 | Spider:4 | HP: 58/133 [disintegration (24)]
 15334 | Spider:4 | HP: 52/133 [poisoned by a ghost moth]
 15342 | Spider:4 | HP: 52/133 [something (5)]
 15351 | Spider:4 | HP: 64/133 [something (3)]
 15356 | Spider:4 | HP: 58/133 [something (6)]
 15357 | Spider:4 | Killed a ghost moth
 15357 | Spider:4 | Reached XP level 15. HP: 85/140 MP: 1/14
 15500 | Spider:4 | Found a transporter.
 15505 | Spider:4 | Noticed hittemvvvhard's ghost (journeyman OgSu)
 15517 | Spider:4 | Found a transporter.
 15648 | Spider:4 | HP: 70/140 [emperor scorpion (3)]
 15653 | Spider:4 | HP: 66/140 [emperor scorpion (4)]
 15678 | Spider:4 | Got a gossamer rune of Zot
 15739 | Spider:3 | HP: 66/140 [spark wasp (12)]
 15745 | Spider:3 | HP: 30/140 [spark wasp (5)]
 15745 | Spider:3 | HP: 14/140 [spark wasp (16)]
 15876 | Shoals:1 | Entered Level 1 of the Shoals
 16040 | Shoals:4 | Entered Level 4 of the Shoals
 16042 | Shoals:4 | Noticed Bai Suzhen
 16059 | Shoals:4 | Noticed Ilsuiw
 16085 | Shoals:4 | Killed Bai Suzhen
 16085 | Shoals:4 | Reached skill level 13 in Invocations
 16373 | Shoals:4 | Got an ancient glaive
 16443 | Shoals:4 | HP: 71/142 [water elemental[Ilsuiw] (7)]
 16448 | Shoals:4 | HP: 22/142 [something/shard of ice (44)]
 16461 | Shoals:4 | HP: 68/142 [something/shard of ice (11)]
 16466 | Shoals:4 | HP: 61/142 [merfolk javelineer/+4 spear of venom (7)]
 16471 | Shoals:4 | HP: 56/142 [poisoned by a merfolk javelineer]
 16476 | Shoals:4 | HP: 45/142 [poisoned by a merfolk javelineer]
 16487 | Shoals:4 | HP: 63/142 [poisoned by a merfolk javelineer]
 16492 | Shoals:4 | HP: 54/142 [poisoned by a merfolk javelineer]
 16497 | Shoals:4 | Killed Ilsuiw
 16497 | Shoals:4 | HP: 41/142 [poisoned by a merfolk javelineer]
 16502 | Shoals:4 | HP: 61/142 [poisoned by a merfolk javelineer]
 16636 | Shoals:4 | Identified the Tome of Transmigration
 16720 | Shoals:4 | Identified the ring "Inacex" {MP+9 Stlth-}
 16851 | Shoals:4 | Reached skill level 14 in Invocations
 16879 | Shoals:4 | HP: 72/144 [merfolk javelineer/javelin (9)]
 16903 | Shoals:4 | Reached XP level 16. HP: 112/152 MP: 11/11
 16910 | Shoals:4 | HP: 74/152 [merfolk javelineer/silver javelin (7)]
 16919 | Shoals:4 | HP: 76/152 [wind drake/the air (4)]
 16924 | Shoals:4 | HP: 49/152 [merfolk javelineer/silver javelin (2)]
 16931 | Shoals:4 | HP: 73/152 [merfolk impaler/+2 trident of protection (16)]
 16986 | Shoals:4 | Got a barnacled rune of Zot
 17179 | Slime:1  | Entered Level 1 of the Pits of Slime
 17313 | Slime:3  | Gained mutation: You are clumsy. (Dex -2) [a shining eye]
 17318 | Slime:3  | Gained mutation: Potions are less effective at restoring
                  | your health. [a shining eye]
 17320 | Slime:3  | Lost mutation: You are clumsy. (Dex -2) [a shining eye]
 17345 | Slime:3  | HP: 30/153 [titanic slime creature (67)]
 17351 | Slime:3  | HP: 65/153 [slime creature (11)]
 17354 | Slime:3  | Noticed an acid blob
 17369 | Slime:3  | Killed an acid blob
 17387 | Slime:5  | Entered Level 5 of the Pits of Slime
 17390 | Slime:5  | Noticed an acid blob
 17396 | Slime:5  | Noticed the Royal Jelly
 17396 | Slime:5  | Noticed Dissolution
 17397 | Slime:5  | Noticed an acid blob
 17408 | Slime:4  | HP: 76/154 [acid (4)]
 17413 | Slime:4  | HP: 60/154 [acid (2)]
 17415 | Slime:4  | Killed an acid blob
 17441 | Slime:4  | HP: 70/154 [azure jelly (17)]
 17446 | Slime:4  | Reached skill level 15 in Invocations
 17533 | Slime:4  | Noticed an acid blob
 17543 | Slime:4  | Killed an acid blob
 17664 | Slime:4  | Noticed an acid blob
 17683 | Slime:4  | Killed an acid blob
 17896 | Slime:5  | Killed an acid blob
 17920 | Slime:5  | Gained mutation: Your body sometimes deteriorates upon
                  | taking damage. [a shining eye]
 17926 | Slime:5  | Paralysed by a floating eye for 3 turns
 17941 | Slime:5  | Found a viscous altar of Jiyva.
 17945 | Slime:5  | Found the +8 storm bow {elec, penet}
 17946 | Slime:5  | Found the macabre finger necklace {rN+}
 17954 | Slime:5  | Noticed an acid blob
 17966 | Slime:5  | Killed an acid blob
 18001 | Slime:5  | Noticed an acid blob
 18016 | Slime:5  | Killed an acid blob
 18034 | Slime:5  | Noticed an acid blob
 18062 | Slime:5  | Killed an acid blob
 18103 | Slime:5  | HP: 53/154 [enormous slime creature (42)]
 18105 | Slime:5  | Noticed an acid blob
 18108 | Slime:5  | HP: 6/154 [enormous slime creature (53)]
 18118 | Slime:5  | Noticed an acid blob
 18130 | Slime:5  | HP: 77/154 [acid (4)]
 18133 | Slime:5  | Reached XP level 17. HP: 70/162 MP: 10/10
 18136 | Slime:5  | Killed an acid blob
 18144 | Slime:5  | Killed an acid blob
 18144 | Slime:5  | Reached skill level 15 in Shields
 18149 | Slime:5  | Gained mutation: Your magical capacity is low. (-10% MP) [a
                  | shining eye]
 18152 | Slime:5  | Gained mutation: You tend to lose your temper in combat. [a
                  | shining eye]
 18154 | Slime:5  | Killed Dissolution
 18154 | Slime:5  | Reached skill level 15 in Armour
 18154 | Slime:5  | Reached skill level 16 in Invocations
 18267 | Slime:5  | Noticed an acid blob
 18274 | Slime:5  | Killed an acid blob
 18278 | Slime:5  | Noticed an acid blob
 18279 | Slime:5  | Noticed an acid blob
 18281 | Slime:5  | Killed the Royal Jelly
 18281 | Slime:5  | Noticed an acid blob
 18286 | Slime:5  | Killed an acid blob
 18287 | Slime:5  | Noticed an acid blob
 18290 | Slime:5  | HP: 122/247 [azure jelly[the Royal Jelly] (5)]
 18291 | Slime:5  | Killed an acid blob
 18291 | Slime:5  | Killed an acid blob
 18292 | Slime:5  | HP: 54/165 [azure jelly[the Royal Jelly] (10)]
 18300 | Slime:5  | HP: 49/165 [death ooze[the Royal Jelly] (3)]
 18308 | Slime:5  | HP: 75/165 [azure jelly[the Royal Jelly] (2)]
 18337 | Slime:5  | Killed an acid blob
 18357 | Slime:5  | Got a twisted scythe
 18369 | Slime:5  | Got a shimmering granite ring
 18370 | Slime:5  | Identified the ring of Sielexui {*Tele Str+2} (You found it
                  | on level 5 of the Pits of Slime)
 18427 | Slime:5  | HP: 74/165 [azure jelly[the Royal Jelly] (19)]
 18450 | Slime:5  | Got a slimy rune of Zot
 19333 | D:12     | Found a frozen archway.
 19356 | IceCv    | Entered an ice cave
 19831 | D:13     | Found an opulent altar of Gozag.
 19845 | D:13     | Lost mutation: Your magical capacity is low. (-10% MP)
                  | [potion of mutation]
 19845 | D:13     | Lost mutation: Your body sometimes deteriorates upon taking
                  | damage. [potion of mutation]
 19845 | D:13     | Lost mutation: You tend to lose your temper in combat.
                  | [potion of mutation]
 19845 | D:13     | Gained mutation: Your body sometimes deteriorates upon
                  | taking damage. [potion of mutation]
 19845 | D:13     | Gained mutation: You are resistant to electric shocks.
                  | (rElec) [potion of mutation]
 19845 | D:13     | Gained mutation: You can translocate small distances at
                  | will. [potion of mutation]
 19845 | D:13     | Gained mutation: Your muscles are strong. (Str +2) [potion
                  | of mutation]
 19870 | D:15     | Entered Level 15 of the Dungeon
 20320 | D:15     | Found a staircase to the Depths.
 20346 | Depths:1 | Entered Level 1 of the Depths
 20391 | Depths:2 | Gained mutation: You passively map a large area around you.
                  | [Deep Dwarf growth]
 20391 | Depths:2 | Reached XP level 18. HP: 130/176 MP: 8/8
 20417 | Depths:2 | HP: 77/176 [frost giant/+2 battleaxe of freezing (18)]
 20536 | Depths:2 | HP: 75/176 [yaktaur/bolt (21)]
 20541 | Depths:2 | HP: 61/176 [fire giant/bolt of fire (9)]
 20549 | Depths:2 | HP: 87/176 [yaktaur/bolt (22)]
 20596 | Depths:3 | HP: 86/176 [poisoned by a green very ugly thing]
 20601 | Depths:3 | HP: 73/176 [poisoned by a green very ugly thing]
 20610 | Depths:3 | HP: 59/176 [frost giant/bolt of cold (1)]
 20615 | Depths:3 | HP: 81/176 [frost giant/+2 battleaxe of freezing (11)]
 20688 | Depths:3 | Noticed a lich
 20697 | Depths:3 | Killed a lich
 20789 | Depths:3 | Noticed Asterion
 20815 | Depths:3 | Killed Asterion
 20815 | Depths:3 | Reached skill level 15 in Fighting
 20852 | Depths:3 | Found a one-way gate leading to the halls of Pandemonium.
 20994 | Depths:4 | Noticed a tentacled monstrosity
 21100 | Depths:4 | HP: 81/178 [stone giant (19)]
 21106 | Depths:4 | HP: 60/178 [stone giant (10)]
 21128 | Depths:4 | Killed a tentacled monstrosity
 21148 | Depths:4 | HP: 81/178 [yaktaur captain (10)]
 21156 | Depths:4 | HP: 45/178 [deep troll shaman (10)]
 21156 | Depths:4 | HP: 20/178 [deep troll shaman (4)]
 21162 | Depths:4 | HP: 58/178 [iron troll (4)]
 21163 | Depths:4 | HP: 21/178 [iron troll (13)]
 21169 | Depths:4 | HP: 79/178 [stone giant (11)]
 21171 | Depths:4 | HP: 23/180 [iron troll (17)]
 21176 | Depths:4 | HP: 36/180 [iron troll (2)]
 21190 | Depths:4 | HP: 81/180 [deep elf high priest/damnation (12)]
 21199 | Depths:4 | HP: 83/180 [spriggan rider/+0 spear (14)]
 21213 | Depths:4 | HP: 89/180 [deep troll (13)]
 21216 | Depths:4 | HP: 37/180 [spriggan rider/+0 spear (12)]
 21224 | Depths:4 | HP: 78/180 [spriggan rider/+0 spear (10)]
 21230 | Depths:4 | HP: 89/180 [spriggan berserker/+0 war axe of freezing (9)]
 21252 | Depths:5 | Entered Level 5 of the Depths
 21252 | Depths:5 | Found a gateway to a ziggurat.
 21283 | Depths:5 | HP: 89/180 [fire giant/bolt of fire (15)]
 21291 | Depths:5 | HP: 87/180 [salamander (4)]
 21296 | Depths:5 | HP: 89/180 [vampire knight/+0 long sword (8)]
 21301 | Depths:5 | Reached skill level 17 in Invocations
 21301 | Depths:5 | Reached XP level 19. HP: 88/187 MP: 1/1
 21305 | Depths:5 | HP: 81/187 [deep troll (7)]
 21312 | Depths:5 | HP: 75/187 [deep troll (11)]
 21406 | Depths:5 | HP: 92/187 [fire dragon (3)]
 21445 | Depths:5 | Noticed a bone dragon
 21458 | Depths:5 | HP: 91/187 [bone dragon (10)]
 21463 | Depths:5 | Killed a bone dragon
 21463 | Depths:5 | Reached skill level 18 in Invocations
 21617 | Depths:5 | Reached skill level 19 in Invocations
 21640 | Depths:5 | Identified a scroll of acquirement
 21698 | Depths:5 | Found a gate to the Realm of Zot.
 21704 | Zot:1    | Entered Level 1 of the Realm of Zot
 21823 | Zot:2    | Found a snail-covered altar of Cheibriados.
 21840 | Zot:2    | Reached skill level 20 in Invocations
 21845 | Zot:2    | Noticed an orb of fire
 21856 | Zot:2    | Lost mutation: Your body sometimes deteriorates upon taking
                  | damage. [an orb of fire]
 21878 | Zot:2    | Gained mutation: Potions are poor at restoring your health.
                  | [an orb of fire]
 21884 | Zot:2    | HP: 88/187 [something (6)]
 21885 | Zot:2    | Reached skill level 21 in Invocations
 21885 | Zot:2    | HP: 42/187 [something/bolt of cold (39)]
 21889 | Zot:2    | HP: 12/187 [orb of fire/fireball (29)]
 21890 | Zot:2    | HP: 4/187 [orb of fire/fireball (21)]
 21894 | Zot:2    | Gained mutation: You are occasionally teleported next to
                  | monsters. [an orb of fire]
 21895 | Zot:2    | HP: 69/187 [something (2)]
 21895 | Zot:2    | HP: 26/187 [something/bolt of cold (43)]
 21900 | Zot:2    | HP: 80/187 [something (20)]
 21907 | Zot:2    | HP: 65/187 [orb of fire/bolt of fire (11)]
 21910 | Zot:2    | Gained mutation: Your body sometimes deteriorates upon
                  | taking damage. [an orb of fire]
 21992 | Zot:2    | Noticed a golden dragon
 22005 | Zot:2    | Killed a golden dragon
 22014 | Zot:2    | HP: 93/187 [black draconian scorcher/+0 long sword (2)]
 22015 | Zot:2    | HP: 29/187 [death cob (23)]
 22019 | Zot:2    | HP: 11/187 [black draconian scorcher/bolt of fire (11)]
 22021 | Zot:2    | Killed from afar by a purple draconian monk

Levels and vault maps discovered:
D:1:      lightli_iron_boxes, layout_loops_ring, patterned_corridor
D:2:      layout_basic
D:3:      layout_basic, uniq_grinder, uniq_ijyb
D:4:      layout_basic, kennysheep_little_box, first_ration
D:5:      lemuel_castle_with_subvaults [lemuel_castle_interior_carwin_3],
          layout_basic, kennysheep_generic_room_11
D:6:      layout_basic, minmay_lizard_king, uniq_sigmund
D:7:      layout_loops_ring, minmay_temple_entry_drinking_statues
D:8:      layout_rooms, nicolae_ossuary_entry_monument, grunt_livestock,
          makhleb_altar_promises_db
D:9:      layout_long_grid, david_lair_shrubbed, gammafunk_ghost_hive,
          serial_shops, shop, minmay_fountain_box
D:10:     layout_small_grid, serial_shops, shop, serial_bayou_ford_a,
          kennysheep_generic_room_16
D:11:     layout_loops_ring, minmay_orc_entry_temple_small
D:12:     layout_gridville, portal_ice_cave_entry_ice_beasts,
          minmay_misc_feat_tiny
D:13:     layout_loops_ring, david_vaults_2, basic_altar
D:14:     layout_roguey, hangedman_feature_mirror
D:15:     hangedman_depths_entry_try_elsewhere_first, layout_irregular_city,
          serial_bayou_pond_a, serial_bayou_pond_d
Temple:   regret_index_temple_sigil_plot
Lair:1:   layout_roguey, gammafunk_ghost_split, lemuel_old_faithful,
          infiniplex_staircase_pool_2
Lair:2:   layout_roguey
Lair:3:   lemuel_reptile_caves, layout_chaotic_city, spider_nest_entry_a,
          ebering_ghost_reflecting_pool, serial_bayou_lagoon_a, pf_torpor_hydra,
          grunt_megastairs_3
Lair:4:   layout_hall_layers, minmay_shoals_entry_lonely_mermaid,
          chequers_serial_rivers_micro_e, minivault_19, serial_bayou_lake_a,
          uniq_sonja
Lair:5:   wad_woods_tower, layout_regular_city
Lair:6:   evil_forest, layout_regular_city, minmay_slime_entry_jelly_boxes,
          minivault_11, nicolae_lair_yak_garden, minmay_lair_oklob_chamber
Shoals:1: layout_shoals
Shoals:2: layout_shoals, nicolae_shoals_square_sea_wall,
          nicolae_shoals_seven_spires, shoals_oasis
Shoals:3: layout_shoals, uniq_mara, uniq_polyphemus
Shoals:4: shoals_end_simple, layout_shoals, shoals_ilsuiw_ice, uniq_bai_suzhen
Spider:1: layout_spider_delve, minivault_29
Spider:2: layout_chambers, drop_trap, uniq_nikola, uniq_aizul
Spider:3: layout_spider_delve
Spider:4: johnstein_spider_rune_arachne_lair, gammafunk_ghost_berserking_beasts
Slime:1:  layout_caves
Slime:2:  layout_caves, nicolae_slime_round_cave
Slime:3:  layout_caves, cheibrodos_slime_lost_civilization_4
Slime:4:  cheibrodos_slime_lost_civilization_1, layout_caves
Slime:5:  uniq_dissolution
Orc:1:    layout_caves
Orc:2:    grunt_orc_tribal_feast, layout_caves
Depths:1: layout_cave_shapes, grunt_hell_entry_demonic_statue,
          chequers_serial_rivers_large_a, minmay_holes,
          lightli_fourway_metalbox, minmay_shop_grove, uniq_saint_roka
Depths:2: evilmike_iron_armoury, layout_cave_pools, hangedman_decor_push,
          hell_entry
Depths:3: kennysheep_treasure_stockpile, layout_cave_pools, pan_entry,
          hell_entry, kennysheep_small_spiral, grunt_ministairs_6,
          firewood_loft, uniq_asterion
Depths:4: little_maze_vault, layout_cross, abyss_entry_crystal,
          nicolae_ashenzari_panopticon, hellmouth_3
Depths:5: grunt_zot_entry_pinwheel, layout_basic, enter_ziggurat_a, abyss_entry,
          minivault_14, pf_coc_iceberg
Zot:1:    layout_gridlike, hangedman_snake_sidewinding
Zot:2:    lemuel_acid_trip, layout_cathedral_of_symmetry, basic_altar

Skill      XL: |  1  2  3  4  5  6  7  8  9 10 11 12 13 14 15 16 17 18 19 |
---------------+----------------------------------------------------------+-----
Axes           | 3 4 5 6 8 9 11 12 13 15 16 18 | 18.0
Fighting       | 3 4 5 6 7 8 9 10 11 12 14 15 | 15.6
Armour         | 4 5 6 7 8 9 10 11 12 13 14 16 | 16.9
Shields        | 4 5 6 7 8 9 10 11 12 13 14 15 | 15.0
Evocations     | 3 5 |  5.0
Invocations    | 2 5 7 9 10 12 14 15 16 17 21 | 21.2
Dodging        | 3 5 |  5.0

Action                   |  1- 3 |  4- 6 |  7- 9 | 10-12 | 13-15 | 16-18 | 19-21 || total
-------------------------+-------+-------+-------+-------+-------+-------+-------++-------
Melee: War axe           |   112 |    92 |   608 |   619 |  1119 |   481 |       ||  3031
       Broad axe         |       |       |       |       |       |   673 |   295 ||   968
Invok: Greater Servant o |       |       |       |       |     9 |     4 |     6 ||    19
       Lesser Servant of |       |       |       |       |       |       |     1 ||     1
 Abil: Heal Wounds       |     3 |     4 |    12 |     1 |    27 |    39 |    15 ||   101
Evoke: Wand              |       |       |       |     2 |     5 |     2 |     3 ||    12
  Use: Scroll            |       |       |    23 |    11 |    10 |    13 |     8 ||    65
       Potion            |       |       |       |       |     2 |     6 |     5 ||    13
 Stab: Petrified         |       |       |       |     8 |     2 |       |       ||    10
       Distracted        |       |       |       |       |       |     1 |     3 ||     4
  Eat: Chunk             |     2 |     2 |    10 |    18 |    18 |     9 |     1 ||    60
       Ration            |       |       |     1 |       |     1 |     2 |     1 ||     5
Armor: Scale mail        |    61 |    35 |   214 |       |       |       |       ||   310
       Chain mail        |       |       |   113 |   227 |   534 |   672 |   180 ||  1726
Dodge: Dodged            |    50 |    18 |   234 |   202 |   566 |   602 |   147 ||  1819
Block: Shield            |    75 |    42 |   386 |   506 |  1143 |  1023 |   233 ||  3408
       Reflection        |       |       |       |     2 |    42 |     5 |       ||    49
